 Dungeon Crawl Stone Soup version 0.28-a0-991-g956f0ee3d5 (webtiles) character file.

Game seed: 2777199037937049239

8715 MacCMillion the Frost Mage (level 11, -6/71 HPs)
             Began as a Merfolk Ice Elementalist on Dec 5, 2021.
             Was a Priest of Hepliaklqana.
             Mangled by a cyan ugly thing (12 damage)
             ... on level 12 of the Dungeon.
             The game lasted 00:55:54 (15071 turns).

MacCMillion the Frost Mage (MfIE)                  Turns: 15071, Time: 00:55:55

Health: -6/71      AC: 10    Str: 11    XL:     11   Next: 35%
Magic:  6/16       EV: 13    Int: 20    God:    Hepliaklqana [***...]
Gold:   96         SH:  0    Dex: 15    Spells: 4/16 levels left

rFire   + + +      SeeInvis .   B - +7 dagger of the Thieving Queen {venom, Drain +Blink rF+++ Int+4}
rCold   . . .      Faith    .   (no shield)
rNeg    . . .      Spirit   .   E - +2 robe {Will+}
rPois   .          Reflect  .   p - +0 helmet
rElec   .          Harm     .   g - +0 cloak
rCorr   .          Rampage  .   s - +0 pair of gloves
Will    +....                   C - +2 pair of boots
Stlth   +++.......              (no amulet)
HPRegen 0.21/turn               (no ring)
MPRegen 0.15/turn               (no ring)

@: about to teleport
A: reduced essence, (nimble swimmer 2), mertail
a: Renounce Religion, Evoke Blink, Recall Ancestor, Ancestor Identity,
Transference


You were on level 12 of the Dungeon.
You worshipped Hepliaklqana.
Hepliaklqana was most pleased with you.
You visited 2 branches of the dungeon, and saw 13 of its levels.

You collected 472 gold pieces.
You spent 376 gold pieces at shops.

Inventory:

Hand Weapons
 b - a +0 dagger
 f - a +4 spear of freezing
 B - the +7 dagger of the Thieving Queen (weapon) {venom, Drain +Blink rF+++ Int+4}
   (You bought it in a shop on level 5 of the Dungeon)

   It poisons the flesh of those it strikes.
   Int:       It affects your intelligence (+4).
   rF:        It renders you almost immune to fire.
   +Blink:    It lets you blink.
   Drain:     It drains your maximum health when unequipped.
Missiles
 l - 2 throwing nets
Armour
 g - a +0 cloak (worn)
 p - a +0 helmet (worn)
 s - a +0 pair of gloves (worn)
 v - a +0 chain mail of poison resistance
 C - a +2 pair of boots (worn)
 E - a +2 robe of willpower (worn)
Jewellery
 h - an amulet of magic regeneration
 y - a +4 ring of evasion
 G - a ring of protection from cold
 O - a +6 ring of intelligence
Wands
 u - a wand of flame (19)
 D - a wand of digging (5)
Scrolls
 c - 4 scrolls of teleportation
 d - 2 scrolls of noise {unknown}
 i - 4 scrolls of identify
 j - 3 scrolls of magic mapping
 m - a scroll of blinking {unknown}
 o - a scroll of immolation
 t - a scroll of summoning {unknown}
 A - 3 scrolls of fear {unknown}
 I - a scroll of enchant armour {unknown}
 K - a scroll of brand weapon {unknown}
 M - a scroll of fog {unknown}
 N - 2 scrolls of enchant weapon {unknown}
 P - a scroll of silence {unknown}
 R - a scroll of vulnerability {unknown}
 T - a scroll of acquirement {unknown}
Potions
 a - a potion of berserk rage
 e - 2 potions of ambrosia
 k - a potion of magic
 n - a potion of might
 q - a potion of haste
 r - a potion of flight
 w - 3 potions of brilliance
 x - a potion of mutation {unknown}
 z - 2 potions of attraction
 F - 3 potions of lignification
 H - 4 potions of curing
 J - a potion of heal wounds
 L - 2 potions of degeneration
 Q - a potion of invisibility {unknown}
 S - a potion of resistance {unknown}


   Skills:
 - Level 5.0 Fighting
 + Level 10.2 Short Blades
 - Level 9.2 Polearms
 - Level 2.7 Dodging
 - Level 5.0 Stealth
 - Level 3.3 Spellcasting
 + Level 4.9 Hexes
 * Level 11.4 Ice Magic
 - Level 5.0 Invocations


You had 4 spell levels left.
You knew the following spells:

 Your Spells              Type           Power      Damage    Failure   Level
a - Freeze                Ice            100%       1d11      1%          1
b - Frozen Ramparts       Ice            96%        1d11      1%          3
c - Ozocubu's Armour      Ice            48%        N/A       1%          3
d - Metabolic Englaciati  Hex/Ice        18%        N/A       13%         5

Your spell library contained the following spells:

 Spells                   Type           Power      Damage    Failure   Level
 Ensorcelled Hibernation  Hex/Ice        72%        N/A       1%          2
 Tukima's Dance           Hex            23%        N/A       5%          3
 Hailstorm                Conj/Ice       26%        3d7       13%         4
 Ice Form                 Ice/Tmut       26%        N/A       13%         4
 Summon Ice Beast         Ice/Summ       26%        N/A       13%         4
 Apportation              Tloc           6%         N/A       14%         1
 Foxfire                  Conj/Fire      12%        2x1d4     14%         1
 Shock                    Conj/Air       12%        1d3       14%         1
 Sting                    Tmut/Pois      12%        1d3       14%         1
 Summon Small Mammal      Summ           12%        N/A       14%         1
 Summon Guardian Golem    Hex/Summ       13%        N/A       16%         3
 Call Canine Familiar     Summ           3%         N/A       38%         3
 Stone Arrow              Conj/Erth      6%         3d7       38%         3
 Swiftness                Air            3%         N/A       38%         3
 Airstrike                Air            1%         N/A       80%         4
 Animate Armour           Summ/Erth      6%         N/A       80%         4
 Ozocubu's Refrigeration  Ice            24%        4d9       73%         7
 Simulacrum               Ice/Necr       13%        N/A       90%         6
 Lehudib's Crystal Spear  Conj/Erth      1%         10d2      100%        8


Dungeon Overview and Level Annotations

Branches:
Dungeon (12/15)            Temple (1/1) D:4             Orc (0/2) D:10
   Lair: D:8-11

Altars:
Ashenzari
Cheibriados
Dithmenos
Elyvilon
Fedhas
Gozag
Hepliaklqana
Kikubaaqudgha
Makhleb
Nemelex Xobeh
Okawaru
Qazlal
Ru
Sif Muna
Trog
Uskayaw
Vehumet
Wu Jian
Xom
Yredelemnul
Zin
The Shining One

Shops:
D:1 (   D:5 (   D:7 [   D:10 !([

Annotations:
D:4 2 transporters, fly's ghost, amateur FoDe
D:12 Fannar


Innate Abilities, Weirdness & Mutations

Your life essence is reduced to manifest your ancestor. (-10% HP)
((You are quick and stealthy near water. (Stealth+, EV+, Speed+++)))
Your lower body shifts to a powerful aquatic tail in water.


Message History

The boulder beetle curls into a ball and begins rolling!
Necuametl barely misses the skeletal warrior.
Necuametl blocks the skeletal warrior's attack.
Things that are here:
a +2 hand axe of electrocution; 2 boomerangs; an orc corpse Unknown command.
You feel sick.
Necuametl hits the skeletal warrior with a +0 flail.
The skeletal warrior closely misses Necuametl.
You feel sick.
Necuametl hits the skeletal warrior with a +0 flail.
Necuametl blocks the skeletal warrior's attack.
A cyan ugly thing comes into view.
You feel sick.
Necuametl closely misses the skeletal warrior.
The boulder beetle stops rolling and uncurls.
Necuametl blocks something's attack.
You feel sick.
You feel sick.
Found a wand of paralysis (6).
You feel sick.
The cyan ugly thing gores you but does no damage.
You feel sick.
You are no longer poisoned.
Fannar the Cold-Hearted comes into view.
They are wielding a +0 quarterstaff of freezing and wearing a +2 robe of cold resistance.
Aiming: Freeze (safe; 1% risk of failure)
Press: ? - help, Q - select action, (/) - cycle Shift-Dir - straight line Out of range.
Okay, then.
As you read the scroll labelled QUBUIL FOCK, it crumbles to dust.
You feel aware of your surroundings.
It was a scroll of magic mapping.
The sentinel's mark upon you fades away.
The cyan ugly thing gores you! The cyan ugly thing shocks you!
* * * LOW HITPOINT WARNING * * *
Your magical contamination has completely faded away.
As you read the scroll labelled PEON VIMEO, it crumbles to dust.
You feel strangely unstable.
It was a scroll of teleportation.
The cyan ugly thing gores you.
* * * LOW HITPOINT WARNING * * *
The cyan ugly thing shocks you!
You die...

* *,,,,,,,,,,***
**,,**** *
#............##**,,**
#..............,,,**
#...../....#...,,**
#.............*,,,* *
#.........e.#***,,**
#### #...........#
**,,** ≈R≈####
*#..........# *,,,*
.≈≈†)≈#####..zzu@....#
**,,,**
####)≈BzzB.z#........#
*,,,,,*
####....###.......#
**,,,,** ##..##
####...## ****,,**
##..# *#### **,,* #..#
*,,* #..# **** **,,
######..# ***,,** *,,
#.......### **,,,,,***
**,


You could see Fannar, a boulder beetle, a cyan ugly thing and 3 skeletal
warriors.

Vanquished Creatures
  A hydra (D:11)
  Erica (D:11)
  A two-headed ogre (D:9)
  Pikel (D:5)
  Grinder (D:6)
  A wyvern (D:9)
  A basilisk (D:12)
  Edmund (D:6)
  A warg (D:10)
  4 water moccasins
  Duvessa (D:5)
  3 orc warriors
  4 sky beasts
  2 black bears
  2 ogres
  4 centaurs
  3 lemures
  2 kobold brigands
  2 phantoms
  A scorpion (D:6)
  Dowan (D:5)
  A water moccasin zombie (D:5)
  A wyvern skeleton (D:7)
  5 killer bees (D:7)
  2 howler monkeys (D:9)
  12 wights
  3 centaur zombies
  2 hounds
  4 orc priests
  2 jellies (D:7)
  A gnoll shaman (D:8)
  Crazy Yiuf (D:7)
  Natasha (D:3)
  6 orc wizards
  3 iguanas
  2 howler monkey zombies
  7 adders
  25 gnolls
  2 shadow imps
  A white imp (D:7)
  A dart slug (D:1)
  23 orcs
  8 ball pythons
  5 endoplasms
  2 giant cockroaches (D:4)
  10 goblins
  12 hobgoblins
  2 jackals (D:1)
  8 kobolds
  A quokka (D:4)
  6 bats
  4 frilled lizards
  2 rats
203 creatures vanquished.

Vanquished Creatures (collateral kills)
  A gargoyle (D:11)
  A kobold demonologist (D:11)
  A hornet (D:9)
  A shadow (D:10)
  A vampire (D:11)
  An acid dragon (D:12)
  A sky beast (D:8)
  2 gnoll sergeants
  A centaur zombie (D:9)
  An orc priest (D:10)
  3 orc wizards
  3 gnolls
  3 orcs (D:10)
20 creatures vanquished.

Vanquished Creatures (others)
  2 ancestors (D:8)
  A knight (D:9)
  11 plants
14 creatures vanquished.

Grand Total: 237 creatures vanquished

Notes
Turn   | Place    | Note
-------+----------+-------------------------------------------
     0 | D:1      | MacCMillion the Merfolk Ice Elementalist began the quest
                  | for the Orb.
     0 | D:1      | Reached XP level 1. HP: 13/13 MP: 3/3
   249 | D:1      | Reached XP level 2. HP: 19/19 MP: 3/5
   550 | D:1      | Found a faded altar of an unknown god.
   729 | D:1      | Found Roorisek's Weapon Boutique.
   765 | D:1      | Reached skill level 5 in Ice Magic
   916 | D:1      | Reached XP level 3. HP: 24/24 MP: 4/6
  1617 | D:2      | Reached XP level 4. HP: 8/30 MP: 0/7
  1855 | D:2      | Learned a level 3 spell: Frozen Ramparts
  1859 | D:2      | Learned a level 3 spell: Ozocubu's Armour
  2216 | D:2      | Reached skill level 6 in Ice Magic
  2448 | D:2      | Reached XP level 5. HP: 35/35 MP: 8/8
  2712 | D:3      | You fall into a shaft and drop 2 floors!
  2712 | D:5      | Entered Level 5 of the Dungeon
  2722 | D:5      | Noticed Duvessa
  2801 | D:3      | Noticed Natasha
  2810 | D:3      | Killed Natasha
  3066 | D:3      | Reached skill level 1 in Polearms
  3358 | D:3      | Reached skill level 7 in Ice Magic
  3707 | D:4      | Reached XP level 6. HP: 42/42 MP: 5/9
  3747 | D:4      | Reached skill level 1 in Fighting
  4629 | D:4      | Found a staircase to the Ecumenical Temple.
  4650 | Temple   | Entered the Ecumenical Temple
  4736 | Temple   | Became a worshipper of Hepliaklqana the Forgotten
  4791 | D:4      | Found a transporter.
  4791 | D:4      | Identified the +7 spear of Valour {elec, Int+4 Dex+3}
  4837 | D:4      | Noticed fly's ghost (amateur FoDe)
  4839 | D:4      | Found a transporter.
  4922 | D:5      | Noticed Dowan
  4950 | D:5      | Killed Duvessa
  4951 | D:5      | Killed Dowan
  4952 | D:5      | Reached XP level 7. HP: 18/51 MP: 2/11
  5851 | D:5      | Noticed Pikel
  6156 | D:6      | Reached skill level 1 in Invocations
  6460 | D:6      | Reached skill level 5 in Polearms
  6599 | D:6      | Found an iron altar of Okawaru.
  6621 | D:6      | Reached XP level 8. HP: 56/60 MP: 12/12
  6979 | D:6      | Noticed Grinder
  7498 | D:6      | Found a snail-covered altar of Cheibriados.
  7498 | D:6      | Found a shimmering altar of Xom.
  7504 | D:6      | Reached skill level 5 in Stealth
  7509 | D:6      | Noticed Edmund
  7523 | D:6      | Killed Edmund
  7560 | D:6      | Reached skill level 8 in Ice Magic
  8058 | D:7      | Reached XP level 9. HP: 65/65 MP: 6/13
  8173 | D:7      | Reached skill level 5 in Invocations
  8568 | D:5      | Killed Pikel
  8569 | D:5      | Reached skill level 9 in Ice Magic
  8617 | D:5      | Found Coilocyl's Antique Weapon Boutique.
  8625 | D:5      | Bought a transparent dagger for 168 gold pieces
  8625 | D:5      | Identified the +7 dagger of the Thieving Queen {venom,
                  | Drain +Blink rF+++ Int+4} (You bought it in a shop on level
                  | 5 of the Dungeon)
  8633 | D:5      | Learned a level 5 spell: Metabolic Englaciation
  8779 | D:6      | Paralysed by Grinder for 7 turns
  8804 | D:6      | Killed Grinder
  8805 | D:6      | Reached skill level 1 in Short Blades
  9313 | D:7      | Reached * piety under Hepliaklqana
  9372 | D:7      | Found a bloodstained altar of Trog.
  9377 | D:7      | Found a stormy altar of Qazlal.
  9382 | D:7      | Found a sacrificial altar of Ru.
  9521 | D:7      | Reached skill level 5 in Fighting
  9623 | D:7      | Reached skill level 5 in Short Blades
  9624 | D:7      | Reached XP level 10. HP: 47/66 MP: 8/15
  9742 | D:7      | Found Teodosio's Dragon-Slaying Spoils.
  9890 | D:7      | Identified the +9 mace "Ishresche" {freeze, Will- rCorr
                  | Str+8 Dex+3}
  9896 | D:7      | Found a runed translucent door.
  9897 | D:7      | Noticed Crazy Yiuf
  9999 | D:7      | Killed Crazy Yiuf
 10872 | D:8      | Found a glowing silver altar of Zin.
 11521 | D:8      | Reached ** piety under Hepliaklqana
 11522 | D:8      | Remembered your ancestor Necuametl as a knight
 11539 | D:8      | Found a shadowy altar of Dithmenos.
 11777 | D:9      | Reached skill level 1 in Hexes
 11923 | D:9      | Found a radiant altar of Vehumet.
 11959 | D:9      | Noticed a two-headed ogre
 12008 | D:9      | Killed a two-headed ogre
 12009 | D:9      | Reached skill level 10 in Ice Magic
 12842 | D:10     | Entered Level 10 of the Dungeon
 12852 | D:10     | Found Musakh's Antique Armour Emporium.
 12957 | D:10     | Found Roenaasm's Antique Weapon Shoppe.
 13121 | D:10     | Found the +6 shillelagh "Devastator" {shatter}
 13409 | D:10     | Found a staircase to the Orcish Mines.
 13420 | D:10     | Reached XP level 11. HP: 53/71 MP: 12/16
 13560 | D:10     | Found Pejimait's Distillery.
 13570 | D:10     | Bought a potion of curing for 39 gold pieces
 13570 | D:10     | Bought a potion of berserk rage for 65 gold pieces
 13570 | D:10     | Bought a potion of brilliance for 52 gold pieces
 13570 | D:10     | Bought a potion of brilliance for 52 gold pieces
 13766 | D:10     | Reached *** piety under Hepliaklqana
 14172 | D:11     | Noticed Erica
 14202 | D:11     | Killed Erica
 14203 | D:11     | Reached skill level 10 in Short Blades
 14203 | D:11     | Reached skill level 11 in Ice Magic
 14688 | D:11     | Noticed a four-headed hydra
 14701 | D:11     | Killed a four-headed hydra
 14862 | D:11     | Found a shimmering blue altar of Sif Muna.
 14919 | D:11     | Got Sif Muna's Catalogue of Conjuration
 14921 | D:11     | Got Sif Muna's Compendium of Shape Shifting
 14923 | D:11     | Got Sif Muna's Disquisition on Orientation
 15001 | D:12     | Noticed a merfolk aquamancer
 15050 | D:12     | Noticed a skeletal warrior
 15053 | D:12     | Noticed a skeletal warrior
 15054 | D:12     | Noticed a skeletal warrior
 15055 | D:12     | Noticed a skeletal warrior
 15056 | D:12     | Noticed a boulder beetle
 15060 | D:12     | Noticed a cyan ugly thing
 15068 | D:12     | Noticed Fannar
 15071 | D:12     | Mangled by a cyan ugly thing

Illustrated notes

Levels and vault maps discovered:
D:1:      heliophobic_arrival_henge, layout_loops_ring, serial_shops,
          nicolae_shop_stone, shapermc_ecumenical_altar_mp_highgroup
D:2:      layout_loops_cross
D:3:      layout_basic, grunt_ministairs_14, uniq_natasha, uniq_ijyb
D:4:      nicolae_cairo_tiling, layout_loops_ring, gammafunk_ghost_gnarly_gnolls
D:5:      layout_rooms, serial_shops, shop, uniq_duvessa, uniq_pikel
D:6:      layout_loops_ring, mainiacjoe_overflow_brackets,
          mainiacjoe_overflow_divided_tiny, uniq_edmund, uniq_grinder
D:7:      layout_rooms, minmay_overflow_temple_star_quad,
          nicolae_shop_dragon_depot, uniq_crazy_yiuf_cottage
D:8:      layout_loops_corners, lemuel_doored_altar, mainiacjoe_overflow_paths
D:9:      layout_long_grid, mainiacjoe_overflow_tiny_flanked
D:10:     layout_basic, erik_orc_4, serial_shops, nicolae_diamond_shop,
          shop_statue, nicolae_shop_hallway_plus, blue_anna_alchemist
D:11:     layout_small_grid, david_lair_shrubbed, serial_glass, glass_columns_a,
          glass_columns_b, glass_columns_b, glass_columns_a, glass_columns_a,
          nicolae_sif_muna_little_library, uniq_erica
D:12:     layout_cave_pods, nicolae_splish_splash, uniq_fannar
Temple:   dshaligram_water_room_temple

Skill      XL: |  1  2  3  4  5  6  7  8  9 10 11 |
---------------+----------------------------------+-----
Ice Magic      | 5 6 7 8 9 10 11 | 11.4
Stealth        | 3 4 5 |  5.0
Polearms       | 1 4 5 7 9 |  9.2
Fighting       | 2 4 5 |  5.0
Spellcasting   | 3 |  3.3
Invocations    | 2 4 5 |  5.0
Short Blades   | 5 9 10 | 10.2
Hexes          | 3 4 |  4.9
Dodging        | |  2.7

Action                   |  1- 3 |  4- 6 |  7- 9 | 10-12 || total
-------------------------+-------+-------+-------+-------++-------
Melee: Dagger            |    31 |     9 |    64 |   200 ||   304
       Unarmed           |     2 |       |       |       ||     2
       Spear             |       |    79 |   157 |       ||   236
Throw: Throwing net      |       |     1 |       |       ||     1
 Cast: Freeze            |    36 |    14 |     9 |    10 ||    69
       Frozen Ramparts   |       |    12 |    33 |    20 ||    65
       Ozocubu's Armour  |       |     1 |    18 |    16 ||    35
       Metabolic Englaci |       |       |       |     3 ||     3
Invok: Ancestor Life: Kn |       |       |       |     1 ||     1
Evoke: Wand              |       |       |       |     1 ||     1
  Use: Scroll            |       |     1 |     5 |     4 ||    10
 Stab: Sleeping          |     5 |     9 |     3 |     6 ||    23
       Distracted        |     1 |       |     1 |       ||     2
Armor: Robe              |    10 |    12 |    87 |    54 ||   163
Dodge: Dodged            |    39 |    33 |   161 |   113 ||   346

Table legend: (Time is in decaauts)
 A = Elapsed time spent in this place.
 B = Non-inter-level travel time spent in this place.
 C = Inter-level travel time spent in this place.
 D = Time resting spent in this place.
 E = Time spent auto-exploring this place.
 F = Levels seen in this place.
 G = Mean time per level.
                   A        B        C        D        E       F      G
               +--------+--------+--------+--------+--------+-----+--------+
         Total |  14970 |  14378 |    592 |   3245 |   8463 |  13 | 1151.5 |
       Dungeon |  14873 |  14283 |    590 |   3245 |   8403 |  12 | 1239.4 |
        Temple |     97 |     96 |      1 |      0 |     59 |   1 |   97.0 |
               +--------+--------+--------+--------+--------+-----+--------+

Top non-repeatable levels by time:
     D:6: 2206 daAuts
     D:4: 1869 daAuts
     D:1: 1600 daAuts
     D:7: 1484 daAuts
     D:8: 1411 daAuts
     D:9: 1256 daAuts
     D:2: 1075 daAuts
     D:5: 1062 daAuts
    D:11: 1048 daAuts
    D:10: 917 daAuts
     D:3: 868 daAuts
  Temple: 97 daAuts
    D:12: 71 daAuts
